 Dungeon Crawl Stone Soup version 0.20.1-1-g8b1a95d (webtiles) character file.

102 Folque the Conjurer (level 4, -13/26 HPs)
             Began as a Tengu Conjurer on Oct 31, 2017.
             Mangled by Crazy Yiuf
             ... wielding a +4 quarterstaff of chaos
              (19 damage)
             ... on level 2 of the Dungeon.
             The game lasted 00:11:44 (2401 turns).

Folque the Conjurer (Tengu Conjurer)                Turns: 2401, Time: 00:11:46

Health: -13/26     AC:  5    Str:  9    XL:     4   Next: 77%
Magic:  4/8        EV: 12    Int: 16    God:
Gold:   114        SH:  0    Dex: 14    Spells: 1/7 levels left

rFire    . . .     SeeInvis .   s - +0 quarterstaff
rCold    . . .     Gourm    .   (shield currently unavailable)
rNeg     . . .     Faith    .   u - +0 animal skin
rPois    .         Spirit   .   (helmet restricted)
rElec    .         Reflect  .   (no cloak)
rCorr    .         Harm     .   n - +2 pair of gloves
MR       .....                  (boots unavailable)
Stlth    ++........             (no amulet)
Regen    0.1/turn               (no ring)
MPRegen  0.2/turn               (no ring)

@: about to teleport, drained
A: beak, talons 3
a: no special abilities


You were on level 2 of the Dungeon.
You were not hungry.

You visited 1 branch of the dungeon, and saw 2 of its levels.

You collected 114 gold pieces.

Inventory:

Hand Weapons
 d - a +0 club
 g - a +1 spear
 s - a +0 quarterstaff (weapon)
Armour
 a - a +0 robe
 l - a +0 pair of gloves
 n - a +2 pair of gloves (worn)
 u - a +0 animal skin (worn)
Scrolls
 j - a scroll of enchant weapon
 k - a scroll of noise {unknown}
 o - a scroll of remove curse
 p - a scroll of identify {unknown}
 q - a scroll of magic mapping {unknown}
Potions
 e - 2 potions of curing {unknown}
 h - a potion of lignification {unknown}
 i - a potion of might {unknown}
 t - 2 potions of degeneration {unknown}
Books
 b - a book of Conjurations

   Spells                             Type                      Level
   a - Magic Dart                     Conjuration                  1
   b - Searing Ray                    Conjuration                  2
   c - Dazzling Spray                 Conjuration/Hexes            3
   d - Fulminant Prism                Conjuration/Hexes            4
   e - Force Lance                    Conjuration/Translocation    4
   f - Iskenderun's Mystic Blast      Conjuration                  4
Comestibles
 c - 2 bread rations
 f - 4 chunks of flesh
 r - a royal jelly


   Skills:
 + Level 2.2(1.9) Fighting
 - Level 2.1(1.9) Dodging
 - Level 2.0(1.7) Stealth
 - Level 2.0(1.7) Spellcasting
 * Level 7.1(6.8) Conjurations


You had one spell level left.
You knew the following spells:

 Your Spells              Type           Power        Failure   Level  Hunger
a - Magic Dart            Conj           ###.         1%          1    ##.....
b - Searing Ray           Conj           ###...       1%          2    ###....
c - Dazzling Spray        Conj/Hex       ##....       16%         3    ####...


Dungeon Overview and Level Annotations

Branches:
Dungeon (2/15)

Altars:

Annotations:
D:2 Crazy Yiuf


Innate Abilities, Weirdness & Mutations

You have a beak for a mouth.
You have claws for feet.


Message History

Confirm with . or Enter, or press ? or * to list all spells.
Aiming: Searing Ray
Press: ? - help, Shift-Dir - straight line, f - Crazy Yiuf
Aim: Crazy Yiuf, wielding a quarterstaff of chaos and wearing a cloak The searing ray misses Crazy Yiuf. (Press . to maintain the ray.)
The searing ray misses Crazy Yiuf.
Crazy Yiuf hits you with a quarterstaff of chaos!
The searing ray hits Crazy Yiuf.
Crazy Yiuf is severely wounded.
Crazy Yiuf yells, "Spliff Hive pizzabubble!"
Crazy Yiuf hits you with a quarterstaff of chaos.
* * * LOW HITPOINT WARNING * * *
You feel drained.
* * * LOW HITPOINT WARNING * * *
As you read the scroll of teleportation, it crumbles to dust.
You feel strangely unstable.
Crazy Yiuf hits you with a quarterstaff of chaos!!
Ouch! That really hurt!
You die...

#....))###....####...##....#.
#((...)# ##..## #...##....#.
#.....)# #....# #...##....##
###...(# #...## #...##....##
####)# ##.## #...##...... #.#
#.## #...##....## #.# ##.#
#...####'#.. ############
#.## #...# #.#.# ...........#
##@# ##### #.#.# ##########.#
#g# #.#.# #(# ... #.#.#
######.# #...# #.#.# #....#.#
#..)# #.#.# #.##.#.# #####
#.#.. #.##.#.# #.#..
#####'##.#.# #....
.......#.#.# ###..


You could see Crazy Yiuf.

Vanquished Creatures
  Robin (D:2)
  2 adders (D:2)
  A gnoll (D:1)
  2 dart slugs (D:1)
  A leopard gecko (D:1)
  3 giant cockroaches
  18 goblins
  4 hobgoblins (D:1)
  7 kobolds
  2 ball pythons
  3 bats (D:1)
  2 frilled lizards (D:2)
  8 rats
54 creatures vanquished.

Notes
Turn   | Place    | Note
-------+----------+-------------------------------------------
     0 | D:1      | Folque the Tengu Conjurer began the quest for the Orb.
     0 | D:1      | Reached XP level 1. HP: 10/10 MP: 4/4
    33 | D:1      | Reached XP level 2. HP: 2/16 MP: 0/6
   251 | D:1      | Learned a level 2 spell: Searing Ray
   295 | D:1      | Reached skill level 1 in Fighting
   362 | D:1      | Reached skill level 6 in Conjurations
   362 | D:1      | Reached XP level 3. HP: 20/20 MP: 3/7
   790 | D:1      | Learned a level 3 spell: Dazzling Spray
  1083 | D:2      | Reached XP level 4. HP: 13/26 MP: 1/8
  1778 | D:2      | Noticed Robin
  2319 | D:2      | Reached skill level 7 in Conjurations
  2326 | D:2      | Killed Robin
  2383 | D:2      | Found a runed door.
  2396 | D:2      | Noticed Crazy Yiuf
  2401 | D:2      | Mangled by Crazy Yiuf

Skill      XL: |  1  2  3  4 |
---------------+-------------+-----
Fighting       | 1 2 |  2.2
Conjurations   | 6 7 |  7.1
Dodging        | |  2.1
Stealth        | |  2.0
Spellcasting   | |  2.0

Action                   |  1- 3 |  4- 6 || total
-------------------------+-------+-------++-------
Melee: Unarmed           |    12 |       ||    12
       Kick              |     4 |     3 ||     7
       Club              |    10 |       ||    10
       Peck              |     4 |     2 ||     6
       Spear             |    30 |     3 ||    33
       Quarterstaff      |       |    15 ||    15
 Cast: Magic Dart        |    25 |    11 ||    36
       Searing Ray       |     1 |     6 ||     7
  Use: Scroll            |     3 |     3 ||     6
 Stab: Sleeping          |     2 |     1 ||     3
  Eat: Chunk             |     1 |     3 ||     4
       Royal jelly       |       |     1 ||     1
Armor: Robe              |    15 |     6 ||    21
       Animal skin       |       |     1 ||     1
Dodge: Dodged            |    22 |    13 ||    35
